 Dungeon Crawl Stone Soup version 0.28.0-47-ge53b351184 (webtiles) character file.

Game seed: 4694200814787049806

504 Iusername the Skirmisher (level 6, -4/57 HPs)
             Began as a Minotaur Fighter on May 5, 2022.
             Was an Initiate of the Shining One.
             Killed from afar by a steam dragon (9 damage)
             ... with a ball of steam
             ... on level 5 of the Dungeon.
             The game lasted 00:04:42 (4089 turns).

Iusername the Skirmisher (Minotaur Fighter)         Turns: 4089, Time: 00:04:43

Health: -4/57      AC: 10    Str: 22    XL:     6   Next: 96%
Magic:  5/5        EV:  9    Int:  5    God:    the Shining One [......]
Gold:   161        SH: 11    Dex: 16    Spells: 5/5 levels left

rFire   . . .      SeeInvis .   a - +0 long sword
rCold   . . .      Faith    .   c - +0 buckler
rNeg    . . .      Spirit   .   b - +0 scale mail
rPois   .          Reflect  +   t - +2 hat
rElec   .          Harm     .   (no cloak)
rCorr   .          Rampage  .   (no gloves)
Will    .....                   l - +0 pair of boots
Stlth   ..........              j - amulet of reflection
HPRegen 0.19/turn               p - +6 ring of dexterity
MPRegen 0.09/turn               (no ring)

@: glowing
A: horns 2, retaliatory headbutt
a: Renounce Religion


You were on level 5 of the Dungeon.
You worshipped the Shining One.
The Shining One was noncommittal.
You visited 2 branches of the dungeon, and saw 6 of its levels.

You collected 161 gold pieces.

Inventory:

Hand Weapons
 a - a +0 long sword (weapon)
Missiles
 r - 2 throwing nets (quivered)
Armour
 b - a +0 scale mail (worn)
 c - a +0 buckler (worn)
 l - a +0 pair of boots (worn)
 t - a +2 hat (worn)
Jewellery
 j - an amulet of reflection (around neck)
 p - a +6 ring of dexterity (left hand)
Wands
 u - a wand of iceblast (7)
Scrolls
 e - a scroll of enchant weapon {unknown}
 h - 2 scrolls of identify {unknown}
 i - a scroll of magic mapping {unknown}
 k - a scroll of teleportation {unknown}
 m - 2 scrolls of blinking {unknown}
 n - a scroll of brand weapon {unknown}
 s - a scroll of fog {unknown}
Potions
 d - a potion of might
 f - 3 potions of curing {unknown}
 g - a potion of invisibility {unknown}
 o - a potion of lignification {unknown}
 q - a potion of magic {unknown}


   Skills:
 + Level 5.7 Fighting
 + Level 4.9 Long Blades
 + Level 5.7 Armour
 + Level 5.6 Shields


You had 5 spell levels left.
You didn't know any spells.
Your spell library contained the following spells:

 Spells                   Type           Power      Damage    Failure   Level
 Dazzling Flash           Conj/Hex       0%         N/A       99%         3
 Ozocubu's Armour         Ice            0%         N/A       99%         3
 Iskenderun's Mystic Bla  Conj/Tloc      0%         2d3       100%        4
 Starburst                Conj/Fire      0%         6d3       100%        6
 Ozocubu's Refrigeration  Ice            0%         4d5       100%        7


Dungeon Overview and Level Annotations

Branches:
Dungeon (5/15)             Temple (1/1) D:4

Altars:
Cheibriados
Dithmenos
Elyvilon
Makhleb
Ru
Yredelemnul
The Shining One


Innate Abilities, Weirdness & Mutations

You have a pair of horns on your head.
You reflexively headbutt those who attack you in melee.


Message History

A steam dragon is nearby!
You closely miss the steam dragon. Your headbutt misses the steam dragon.
The steam dragon is heavily wounded.
The steam dragon breathes steam at you. The ball of steam hits you!
You're standing in a cloud of steam!
You are too injured to fight recklessly!
You're standing in a cloud of steam!
You're standing in a cloud of steam!
You are too injured to fight recklessly!
You're standing in a cloud of steam!
You are too injured to fight recklessly!
You're standing in a cloud of steam!
You are too injured to fight recklessly!
You're standing in a cloud of steam!
You're standing in a cloud of steam!
You are too injured to fight recklessly!
You are too injured to fight recklessly!
You hit the steam dragon.
The steam dragon is severely wounded.
You are engulfed in a cloud of scalding steam.
The steam dragon bites you!
* * * LOW HITPOINT WARNING * * *
The steam dragon claws you but does no damage.
You hit the steam dragon.
The steam dragon is severely wounded.
You are engulfed in a cloud of scalding steam.
* * * LOW HITPOINT WARNING * * *
The steam dragon bites you but does no damage.
You block the steam dragon's attack.
The steam dragon bites you but does no damage.
The steam dragon claws you.
* * * LOW HITPOINT WARNING * * *
You closely miss the steam dragon.
The steam dragon is severely wounded.
You are engulfed in a cloud of scalding steam.
* * * LOW HITPOINT WARNING * * *
The steam dragon breathes steam at you. The ball of steam hits you!
You die...

..##### .....(#
#.###.###########
..###...........#######
.....(.................
#############.#.####.#
# ####### #.#.#
###.....# #.#§####.#
..'.....# #.#.@D...#
###.....# #.########
.†...#### #.# ##...#
#.# ##'#.## #.# ......#
....#.# ....#..#
....##.#


You could see a steam dragon (catching breath).

Vanquished Creatures
  2 necrophages (D:4)
  A water moccasin skeleton (D:5)
  A jelly (D:4)
  2 hounds (D:5)
  A bullfrog skeleton (D:5)
  A hound zombie (D:5)
  Robin (D:4)
  2 adders
  4 gnolls (D:4)
  3 worms
  2 dart slugs
  5 orcs (D:3)
  6 bats
  8 endoplasms
  3 giant cockroaches (D:1)
  10 goblins (D:4)
  7 hobgoblins
  2 quokkas
  7 ball pythons
  A frilled lizard (D:1)
  4 kobolds
  2 rats
75 creatures vanquished.

Notes
Turn   | Place    | Note
-------+----------+-------------------------------------------
     0 | D:1      | Iusername the Minotaur Fighter began the quest for the Orb.
     0 | D:1      | Reached XP level 1. HP: 19/19 MP: 0/0
   204 | D:1      | Reached XP level 2. HP: 27/27 MP: 1/1
   885 | D:2      | Reached XP level 3. HP: 33/33 MP: 2/2
  2147 | D:3      | Reached XP level 4. HP: 20/40 MP: 3/3
  2965 | D:4      | Found a white marble altar of Elyvilon.
  3298 | D:4      | Noticed Robin
  3305 | D:4      | Killed Robin
  3421 | D:4      | Reached XP level 5. HP: 43/47 MP: 4/4
  3540 | D:4      | Noticed a necrophage
  3549 | D:4      | Killed a necrophage
  3550 | D:4      | Reached skill level 5 in Fighting
  3550 | D:4      | Reached skill level 5 in Armour
  3550 | D:4      | Reached skill level 5 in Shields
  3591 | D:4      | Found a staircase to the Ecumenical Temple.
  3607 | D:4      | Noticed a necrophage
  3616 | D:4      | Killed a necrophage
  3617 | D:4      | Reached XP level 6. HP: 45/56 MP: 5/5
  3628 | Temple   | Entered the Ecumenical Temple
  3634 | Temple   | Became a worshipper of the Shining One
  3798 | D:4      | Found a basalt altar of Yredelemnul.
  3913 | D:5      | Entered Level 5 of the Dungeon
  4078 | D:5      | Noticed a steam dragon
  4089 | D:5      | Killed from afar by a steam dragon

Illustrated notes

Levels and vault maps discovered:
D:1:      kennysheep_arrival_forest, layout_loops_ring,
          minmay_misc_feat_secret_circle
D:2:      layout_loops_corners, minivault_27
D:3:      layout_basic, hex_large
D:4:      layout_loops_cross, kennysheep_ying_yang, minmay_temple_entry_mist,
          uniq_robin
D:5:      layout_basic
Temple:   eino_temple_rhombus

Skill      XL: |  1  2  3  4  5 |
---------------+----------------+-----
Armour         | 4 5 |  5.7
Fighting       | 4 5 |  5.7
Shields        | 4 5 |  5.6
Long Blades    | 3 4 |  4.9

Action                   |  1- 3 |  4- 6 || total
-------------------------+-------+-------++-------
Melee: Long sword        |    95 |    92 ||   187
       Headbutt          |     9 |    18 ||    27
Armor: Scale mail        |    48 |    40 ||    88
Dodge: Dodged            |    48 |    36 ||    84
Block: Buckler           |    20 |    49 ||    69
       Reflection        |       |     1 ||     1
